 Dungeon Crawl Stone Soup version 0.30-a0-165-g1891117ce2 (webtiles) character file.

Game seed: 2367255923481559563

113 qw the Chopper (level 4, 0/28 HPs)
             Began as a Gargoyle Fighter on Sept 28, 2022.
             Slain by Natasha (1 damage)
             ... on level 2 of the Dungeon.
             The game lasted 00:00:56 (1685 turns).

qw the Chopper (Gargoyle Fighter)                   Turns: 1685, Time: 00:00:56

Health: 0/28       AC: 10    Str: 21    XL:     4   Next: 96%
Magic:  4/4        EV:  9    Int:  9    God:
Gold:   71         SH:  4    Dex:  9    Spells: 3/3 levels left

rFire   . . .      SeeInvis .    Y - +0 war axe
rCold   . . .      Faith    .    c - +0 buckler
rNeg    + . .      Spirit   .    b - +0 scale mail
rPois   inf        Reflect  .    (no helmet)
rElec   +          Harm     .    (no cloak)
rCorr   .          Rampage  .    (no gloves)
Will    .....                    (no boots)
Stlth   ..........               (no amulet)
HPRegen 0.09/turn                (no ring)
MPRegen 0.09/turn                (no ring)

@: slowed, very slow
A: sickness immunity, AC +3, negative energy resistance 1, electricity
resistance, torment resistance 1, petrification resistance
a: no special abilities


You were on level 2 of the Dungeon.
You visited 1 branch of the dungeon, and saw 2 of its levels.

You collected 71 gold pieces.


Innate Abilities, Weirdness & Mutations

You are immune to sickness and miasma.
Your stone body is resilient. (AC +3)
You are immune to poison.
You resist negative energy. (rN+)
You are resistant to electric shocks. (rElec)
You are resistant to unholy torment.
You are immune to petrification.


   Skills:
 - Level 3.2 Fighting
 + Level 4.5 Axes
 - Level 3.2 Armour
 - Level 3.2 Shields


You had 3 spell levels left.
You didn't know any spells.
Your spell library was empty.

Inventory:

Hand Weapons
 e - a +0 whip
 Y - a +0 war axe (weapon)
Armour
 b - a +0 scale mail (worn)
 c - a +0 buckler (worn)
Scrolls
 a - 2 scrolls of identify {unknown}
 j - a scroll of teleportation {unknown}
Potions
 d - a potion of might
 f - a potion of berserk rage {unknown}
 g - a potion of degeneration {unknown}
 h - a potion of lignification {unknown}
 i - a potion of curing {unknown}
 k - 2 potions of heal wounds {unknown}
 l - 2 potions of invisibility {unknown}

Dungeon Overview and Level Annotations

Branches:
Dungeon (2/15)

Altars:

Annotations:
D:2 Natasha


Message History

1671 ||| Stepping ~*~*~tactically~*~*~ (stealth).
Natasha is nearby!
1673 ||| Stepping ~*~*~tactically~*~*~ (stealth).
Natasha hisses angrily.
Natasha howls an incantation.
Natasha's front paws start to glow.
Natasha casts a spell at you. You resist with some effort.
1676 ||| Stepping ~*~*~tactically~*~*~ (hiding).
1677 ||| Stepping ~*~*~tactically~*~*~ (hiding).
You start waiting.
Natasha is nearby!
Natasha claws you.
You barely miss Natasha. Natasha claws you but does no damage.
Natasha mumbles some strange words.
You miss Natasha. Natasha casts a spell at you. The magic dart hits you.
You barely miss Natasha. You hit the white imp but do no damage.
You block Natasha's attack.
The white imp lashes its tail.
The white imp gestures at you. The puff of frost hits you!
You hit Natasha but do no damage. You slash the white imp!
Natasha mumbles some strange words.
Natasha glows brightly for a moment.
Natasha claws you.
The white imp hits you but does no damage.
Natasha casts a spell at you.
You feel yourself slow down.
The white imp shouts, "Get thee hence, thou unctious toenail-biting giglet!"
The white imp gestures at you. The puff of frost hits you!
You hit the white imp.
You kill the white imp!
The white imp disappears in a puff of smoke!
You hit Natasha. Natasha claws you.
You die...

#..#.#........##..#........#
#..#.#............+........#
.....#........##.##........#
..............##.##........#
.....###+###.###.##........#
...#.###.# #.###.##........#
...#.....# #.##..##........#
....%....###.##.###........#
)....##......#.ยค@..........#
.....#######>..h############
.....# ####.# .....# #.#
h....##### #.# #....%...# ...
#........# ..h #.h......#
.... #........# .....


You could see Natasha.

Vanquished Creatures
  Natasha (D:2)
  2 adders (D:2)
  A worm (D:2)
  A dart slug (D:1)
  2 ball pythons (D:1)
  5 bats
  6 endoplasms
  2 giant cockroaches
  6 goblins
  5 hobgoblins
  9 jackals (D:1)
  2 quokkas
  2 frilled lizards
  7 kobolds
  9 rats
60 creatures vanquished.

Notes
Turn   | Place    | Note
-------+----------+-------------------------------------------
     0 | D:1      | qw the Gargoyle Fighter began the quest for the Orb.
     0 | D:1      | Reached XP level 1. HP: 14/14 MP: 1/1
     0 | D:1      | 0 ||| qw: Version: 0.2-a-12-gaebbb33
     0 | D:1      | 0 ||| qw: Game counter: 892
     0 | D:1      | 0 ||| qw: Always use a shield: true
     0 | D:1      | 0 ||| qw: God list: Okawaru
     0 | D:1      | 0 ||| qw: Allow faded altars: false
     0 | D:1      | 0 ||| qw: Do Orc after D:15 true
     0 | D:1      | 0 ||| qw: Do second Lair branch before Depths: true
     0 | D:1      | 0 ||| qw: Lair rune preference: random
     0 | D:1      | 0 ||| qw: Plans: Normal, Zot:1-4, God:TSO, Crypt, Tomb,
                  | Pan, Slime:5, Hells, Abyss, Orb
     0 | D:1      | 0 ||| PLANNING D:1-11
    32 | D:1      | Reached skill level 2 in Axes
    71 | D:1      | Reached XP level 2. HP: 19/19 MP: 2/2
   423 | D:1      | Reached skill level 3 in Axes
   447 | D:1      | Reached XP level 3. HP: 21/23 MP: 3/3
   546 | D:1      | Found a faded altar of an unknown god.
   824 | D:1      | 824 ||| Stepping ~*~*~tactically~*~*~ (stealth).
   830 | D:1      | 830 ||| Stepping ~*~*~tactically~*~*~ (stealth).
   839 | D:1      | 839 ||| Stepping ~*~*~tactically~*~*~ (stealth).
   850 | D:1      | 850 ||| Stepping ~*~*~tactically~*~*~ (stealth).
   854 | D:1      | 854 ||| Stepping ~*~*~tactically~*~*~ (stealth).
   862 | D:1      | 862 ||| Stepping ~*~*~tactically~*~*~ (stealth).
   871 | D:1      | 871 ||| Stepping ~*~*~tactically~*~*~ (stealth).
   872 | D:1      | 872 ||| Stepping ~*~*~tactically~*~*~ (stealth).
   873 | D:1      | 873 ||| Stepping ~*~*~tactically~*~*~ (hiding).
   880 | D:1      | 880 ||| Stepping ~*~*~tactically~*~*~ (stealth).
   881 | D:1      | 881 ||| Stepping ~*~*~tactically~*~*~ (stealth).
   882 | D:1      | 882 ||| Stepping ~*~*~tactically~*~*~ (stealth).
   931 | D:1      | 931 ||| READING scroll labelled JACHE AFUASA.
  1017 | D:2      | Reached XP level 4. HP: 25/28 MP: 4/4
  1240 | D:2      | 1240 ||| Stepping ~*~*~tactically~*~*~ (stealth).
  1255 | D:2      | Reached skill level 4 in Axes
  1365 | D:2      | 1365 ||| Stepping ~*~*~tactically~*~*~ (stealth).
  1366 | D:2      | 1366 ||| Stepping ~*~*~tactically~*~*~ (stealth).
  1465 | D:2      | 1465 ||| Stepping ~*~*~tactically~*~*~ (stealth).
  1506 | D:2      | Noticed Natasha
  1507 | D:2      | 1507 ||| Stepping ~*~*~tactically~*~*~ (hiding).
  1516 | D:2      | Killed Natasha
  1522 | D:2      | 1522 ||| Stepping ~*~*~tactically~*~*~ (stealth).
  1528 | D:2      | Noticed Natasha
  1529 | D:2      | 1529 ||| FLEEEEING.
  1530 | D:2      | 1530 ||| FLEEEEING.
  1532 | D:2      | 1532 ||| FLEEEEING.
  1533 | D:2      | 1533 ||| FLEEEEING.
  1670 | D:2      | 1670 ||| Stepping ~*~*~tactically~*~*~ (stealth).
  1671 | D:2      | 1671 ||| Stepping ~*~*~tactically~*~*~ (stealth).
  1673 | D:2      | 1673 ||| Stepping ~*~*~tactically~*~*~ (stealth).
  1676 | D:2      | 1676 ||| Stepping ~*~*~tactically~*~*~ (hiding).
  1677 | D:2      | 1677 ||| Stepping ~*~*~tactically~*~*~ (hiding).
  1684 | D:2      | HP: 1/28 [white imp/puff of frost[Natasha] (7)]
  1685 | D:2      | Slain by Natasha

Levels and vault maps discovered:
D:1:      scummos_arrival_forest, layout_basic, ebering_ecumenical_altar_box,
          st_stairs_10
D:2:      layout_basic, uniq_natasha

Skill      XL: |  1  2  3  4 |
---------------+-------------+-----
Axes           | 2 3 4 |  4.5
Fighting       | |  3.2
Armour         | |  3.2
Shields        | |  3.2

Action                   |  1- 3 |  4- 6 || total
-------------------------+-------+-------++-------
Melee: War axe           |   106 |    57 ||   163
  Use: Scroll            |     1 |       ||     1
Armor: Scale mail        |    62 |    16 ||    78
Dodge: Dodged            |    35 |    13 ||    48
Block: Buckler           |    19 |    11 ||    30

Table legend:
 A = Non-vault XP
 B = Vault XP
 C = Vault XP percentage of total XP
 D = Non-vault monster count
 E = Vault monster count
 F = Vault count percentage of total count
                 A         B        C        D         E       F
            +---------+---------+-------+---------+---------+-------
      Total |     120 |      42 |  25.9 |      55 |       5 |   8.3
            +---------+---------+-------+---------+---------+-------
        D:1 |      60 |       9 |  13.0 |      35 |       4 |  10.3
        D:2 |      60 |      33 |  35.5 |      20 |       1 |   4.8
            +---------+---------+-------+---------+---------+-------
